 Dungeon Crawl Stone Soup version 0.28-a0-793-g31680bbd8b (webtiles) character file.

Game seed: 12666493933422921632

82 cheechan the Skirmisher (level 4, -3/31 HPs)
             Began as an Octopode Fighter on Nov 4, 2021.
             Slain by a gnoll (7 damage)
             ... on level 2 of the Dungeon.
             The game lasted 00:04:41 (1524 turns).

cheechan the Skirmisher (Octopode Fighter)          Turns: 1524, Time: 00:04:42

Health: -3/31      AC:  1    Str: 15    XL:     4   Next: 43%
Magic:  4/4        EV: 13    Int: 10    God:
Gold:   139        SH:  4    Dex: 12    Spells: 3/3 levels left

rFire   . . .      SeeInvis .   a - +0 war axe
rCold   . . .      Faith    .   b - +0 buckler
rNeg    . . .      Spirit   .   (helmet restricted)
rPois   .          Reflect  .   (no amulet)
rElec   .          Harm     .   (no ring)
rCorr   .          Rampage  .   (no ring)
Will    .....                   (no ring)
Stlth   +++.......              (no ring)
HPRegen 0.10/turn               (no ring)
MPRegen 0.09/turn               (no ring)
                                (no ring)
                                (no ring)

@: no status effects
A: almost no armour, amphibious, 8 rings, camouflage 1, gelatinous body 1,
(nimble swimmer 1), tentacles
a: no special abilities


You were on level 2 of the Dungeon.
You visited 1 branch of the dungeon, and saw 2 of its levels.

You collected 139 gold pieces.

Inventory:

Hand Weapons
 a - a +0 war axe (weapon)
 i - a +0 hunting sling
 j - a +0 morningstar
Missiles
 g - 32 bolts
 h - 8 arrows
Armour
 b - a +0 buckler (worn)
Potions
 c - 2 potions of might
 d - a potion of curing {unknown}
 e - a potion of haste
 f - a potion of heal wounds {unknown}
 k - a potion of attraction {unknown}


   Skills:
 + Level 3.4 Fighting
 + Level 3.0 Axes
 + Level 3.2 Dodging
 + Level 2.5 Stealth
 + Level 3.4 Shields


You had 3 spell levels left.
You didn't know any spells.
Your spell library was empty.

Dungeon Overview and Level Annotations

Branches:
Dungeon (2/15)

Altars:
Makhleb

Shops:
D:1 =


Innate Abilities, Weirdness & Mutations

You cannot wear most types of armour.
You are amphibious.
You can wear up to eight rings at the same time.
Your skin changes colour to match your surroundings (Stealth+).
Your rubbery body absorbs attacks. (AC +1, EV +1)
((You are camouflaged near water. (Stealth+)))
You have tentacles for arms and can constrict up to eight enemies at once.


Message History

A ball python comes into view.
A giant cockroach and a gnoll come into view.
Found a stone staircase leading down.
The helpless ball python fails to defend itself.
You slash the ball python!
You kill the ball python!
The gnoll shouts!
You hear a shout!
A gnoll comes into view. It is wielding a +0 flail.
A gnoll comes into view. It is wielding a +0 whip.
The gnoll barely misses you. The gnoll closely misses you.
A gnoll comes into view. It is wielding a +0 halberd.
You barely miss the gnoll.
The gnoll shouts! x2
You grab the gnoll. You squeeze the gnoll.
The gnoll is lightly wounded.
You constrict the gnoll. The gnoll hits you with a +0 spear!
You slash the gnoll!
The gnoll is almost dead.
You constrict the gnoll.
You kill the gnoll!
You see here a +0 spear.
You hit the gnoll but do no damage. You grab the gnoll. You squeeze the gnoll.
The gnoll is heavily wounded.
You slash the gnoll!
You constrict the gnoll, but do no damage.
The gnoll closely misses you. The gnoll hits you with a +0 halberd!
The gnoll misses you. The gnoll closely misses you.
You block the gnoll's attack.
You slash the gnoll!
You kill the gnoll!
You closely miss the gnoll. You hit the gnoll.
The gnoll hits you with a +0 whip!
* * * LOW HITPOINT WARNING * * *
The gnoll misses you.
Your Axes skill increases to level 3!
You slash the gnoll!
You kill the gnoll!
You barely miss the gnoll. The gnoll hits you with a +0 whip!
You die...

#####
....##########
....##...>...#
#### ###....
#.......# #..#
#..... #.......#
#..# #...#
####..#### #..#
#Bg# #..##.. #..#
##@)# #..#..# #..#
#>..# #.....#
#..####..##
###...#..
#........#
#....###.
#..#####.# ###
#.#.##... ##..#
#.####.# #.#.##.##
#...# #....#.#
#.#.##.## ##...#
####...###)#.##.##
#....#
##..##..#.##.##


You could see a gnoll and a giant cockroach.

Vanquished Creatures
  3 gnolls (D:2)
  2 adders (D:2)
  A worm (D:2)
  2 dart slugs (D:1)
  3 ball pythons (D:2)
  3 endoplasms
  3 goblins
  5 hobgoblins
  4 jackals (D:1)
  3 bats
  2 frilled lizards (D:1)
  3 kobolds (D:1)
  7 rats
41 creatures vanquished.

Notes
Turn   | Place    | Note
-------+----------+-------------------------------------------
     0 | D:1      | cheechan the Octopode Fighter began the quest for the Orb.
     0 | D:1      | Reached XP level 1. HP: 16/16 MP: 1/1
    56 | D:1      | Found a faded altar of an unknown god.
   122 | D:1      | Found Plog's Jewellery Emporium.
   174 | D:1      | Reached XP level 2. HP: 18/21 MP: 2/2
   568 | D:1      | Reached skill level 1 in Stealth
   568 | D:1      | Reached XP level 3. HP: 26/26 MP: 3/3
   942 | D:2      | Found a burning altar of Makhleb.
  1385 | D:2      | Reached XP level 4. HP: 29/31 MP: 4/4
  1524 | D:2      | Slain by a gnoll

Illustrated notes

Levels and vault maps discovered:
D:1:      dpeg_arrival_orchard, layout_loops_ring, serial_shops,
          nicolae_shop_trees, hellmonk_ecumenical_altar_heavens_door
D:2:      minmay_general_purpose_star, layout_rooms, basic_altar, serial_curves,
          eino_curves_04, eino_curves_02

Skill      XL: |  1  2  3  4 |
---------------+-------------+-----
Stealth        | 1 2 |  2.5
Axes           | 3 |  3.0
Fighting       | |  3.4
Dodging        | |  3.2
Shields        | |  3.4

Action                   |  1- 3 |  4- 6 || total
-------------------------+-------+-------++-------
Melee: War axe           |    55 |     9 ||    64
       Constrict         |    15 |     3 ||    18
       Tentacles         |    10 |     3 ||    13
  Use: Scroll            |     2 |     3 ||     5
 Stab: Sleeping          |     6 |     2 ||     8
Armor: Skin              |     2 |     1 ||     3
Dodge: Dodged            |    26 |     7 ||    33
Block: Buckler           |     8 |     1 ||     9

Table legend: (Time is in decaauts)
 A = Elapsed time spent in this place.
 B = Non-inter-level travel time spent in this place.
 C = Inter-level travel time spent in this place.
 D = Time resting spent in this place.
 E = Time spent auto-exploring this place.
 F = Levels seen in this place.
 G = Mean time per level.
                   A        B        C        D        E       F      G
               +--------+--------+--------+--------+--------+-----+--------+
         Total |   1549 |   1549 |      0 |    155 |      0 |   2 |  774.5 |
       Dungeon |   1549 |   1549 |      0 |    155 |      0 |   2 |  774.5 |
               +--------+--------+--------+--------+--------+-----+--------+

Top non-repeatable levels by time:
     D:1: 937 daAuts
     D:2: 612 daAuts
